 Dungeon Crawl Stone Soup version 0.31.0-7-gf635a9b802 (webtiles) character file.

Game seed: 6250709011552647429

292 Skitler the Chopper (level 6, -4/51 HPs)
             Began as a Ghoul Gladiator on Jan 24, 2024.
             Slain by a gnoll
             ... wielding a +0 halberd
              (10 damage)
             ... on level 3 of the Dungeon.
             The game lasted 00:03:17 (2164 turns).

Skitler the Chopper (Ghoul Gladiator)               Turns: 2164, Time: 00:03:19

Health: -4/51      AC: 12    Str: 20    XL:     6   Next: 33%
Magic:  6/6        EV:  9    Int:  7    God:
Gold:   115        SH:  0    Dex: 10    Spells: 5/5 levels left

rFire   + . .        a - +0 war axe
rCold   . . .        (no shield)
rNeg    + + +        l - +0 chain mail
rPois   ∞            c - +0 helmet
rElec   .            o - +0 cloak
rCorr   .            (no gloves)
SInv    .            j - +0 pair of boots
Will    .....        (no amulet) Stlth
                     f - ring of fire
HPRegen 0.00/turn    (no ring)
MPRegen 0.10/turn

%: no passive effects
@: inhibited regen
A: claws 1, cold resistance 1, negative energy resistance 3, inhibited
regeneration, torment resistance 2, devour on kill
a: no special abilities


You were on level 3 of the Dungeon.
You visited 1 branch of the dungeon, and saw 3 of its levels.

You collected 115 gold pieces.

Inventory:

Hand Weapons
 a - a +0 war axe (weapon)
Missiles
 d - 3 throwing nets (quivered)
 e - a javelin
Armour
 b - a +0 leather armour
 c - a +0 helmet (worn)
 j - a +0 pair of boots (worn)
 l - a +0 chain mail (worn)
 o - a +0 cloak (worn)
Jewellery
 f - a ring of fire (left claw)
Wands
 n - a wand of charming (3)
Scrolls
 h - a scroll of blinking {unknown}
 k - a scroll of identify {unknown}
 m - a scroll of enchant armour {unknown}
 p - a scroll of fear {unknown}
Potions
 g - 2 potions of curing {unknown}
 i - a potion of lignification {unknown}
 q - a potion of resistance {unknown}


   Skills:
 * Level 3.1 Fighting
 * Level 4.9 Axes
 - Level 1.9 Throwing
 + Level 2.1 Armour
 + Level 3.3 Dodging
 + Level 0.2 Stealth


You had 5 spell levels left.
You didn't know any spells.
Your spell library contained the following spells:

 Spells                   Type           Power      Damage    Failure   Level
 Foxfire                  Conj/Fire      0%         2x1d4     98%         1
 Plasma Beam              Fire/Air       0%         2x1d10    100%        6
 Starburst                Conj/Fire      0%         6d3       100%        6


Dungeon Overview and Level Annotations

Branches:
Dungeon (3/15)

Altars:
Okawaru
Ru

Annotations:
D:3 1 transporter


Innate Abilities, Weirdness & Mutations

You are immune to poison.
You have sharp fingernails.
Your flesh is cold resistant. (rC+)
You are immune to negative energy. (rN+++)
You do not regenerate when monsters are visible.
You are immune to unholy pain and torment.
You thrive by killing the living.


Message History

Strat's ghost is severely damaged.
You hit the gnoll bouda. The gnoll barely misses you.
Strat's ghost barely misses you. The gnoll bouda closely misses you.
You slash Strat's ghost!
You destroy Strat's ghost!
You slash the gnoll bouda!
The gnoll hits you from afar with a +4 halberd of electrocution!
The gnoll closely misses you. The gnoll bouda barely misses you.
The gnoll closely misses you.
The gnoll hits you from afar with a +4 halberd of electrocution!
The gnoll bouda hits you with a +0 club!
* * * LOW HITPOINT WARNING * * *
Your Armour skill gained 2 levels and is now at level 2!
You have reached level 6!
You are too injured to fight recklessly!
Unknown command.
Throw: 4 throwing nets
Press: ? - help, Q - select action, (/) - cycle Shift-Dir - straight line, f - gnoll
Aim: a gnoll, wielding a +4 halberd of electrocution (covering ground quickly, 56% to hit)
You throw a throwing net. The throwing net hits the gnoll.
The gnoll is caught in the net!
The gnoll struggles against the net.
The gnoll hits you but does no damage.
The gnoll bouda hits you with a +0 club.
* * * LOW HITPOINT WARNING * * *
You hit the gnoll bouda.
The gnoll bouda is heavily wounded.
The gnoll struggles against the net.
The gnoll hits you from afar with a +0 spear.
* * * LOW HITPOINT WARNING * * *
You hit the gnoll bouda.
The gnoll bouda is severely wounded.
The gnoll struggles against the net.
The gnoll hits you but does no damage.
The gnoll struggles against the net.
You hit the gnoll bouda.
The gnoll bouda is severely wounded.
The gnoll struggles against the net.
The gnoll zaps a wand.
You barely resist.
The gnoll bouda barks out a call to the hunt!
The gnoll picks up the pace!
The gnoll hits you from afar with a +0 halberd!
You die...

#..≈≈≈≈≈≈≈≈≈≈≈≈~≈≈≈≈≈≈≈≈≈≈≈≈.#
#..≈≈#####...........#####≈≈.#
#..≈≈#.#.#.###.©.###.#.#.#≈≈.# #
#..≈≈#...###©#####g###...#≈≈.# #
#..≈≈###.. . ......)..(###≈≈.# #
#..≈≈.8#.######'######.#8.≈≈.# #
#..≈≈.##.# #8..#.⌠.#.##.≈≈.# #
#..~~.#g.'. #⌠©.g...'..#.~~.# #
#..≈≈.##.#.. #8@g#.⌠.#.##.≈≈.#
#..≈≈.8#.######'######.#8.≈≈.#
#..≈≈###.......gg......###≈≈.#
#..≈≈#...###.#####g###...#≈≈.#
#..≈≈#.#.#.###.©.###.#.#.#≈≈.#
#..≈≈#####...........#####≈≈.###
#..≈≈≈≈≈≈≈≈≈≈≈...≈≈≈≈≈≈≈≈≈≈≈.##.
#..≈≈≈≈≈≈≈≈≈≈≈...≈≈≈≈≈≈≈≈≈≈≈....
#............................###


You could see a gnoll bouda and 3 gnolls.

Vanquished Creatures
  The ghost of Strat the Shooter, an amateur TeHu (D:3)
  Crazy Yiuf (D:2)
  An orc priest (D:3)
  An orc wizard (D:3)
  5 gnolls
  An adder (D:2)
  A dart slug (D:1)
  4 orcs (D:3)
  5 ball pythons
  2 endoplasms
  9 goblins
  7 hobgoblins
  13 jackals
  6 kobolds
  A quokka (D:3)
  8 bats
  A frilled lizard (D:2)
  7 rats
74 creatures vanquished.

Notes
Turn   | Place    | Note
-------+----------+-------------------------------------------
     0 | D:1      | Skitler the Ghoul Gladiator began the quest for the Orb.
     0 | D:1      | Reached XP level 1. HP: 17/17 MP: 1/1
    44 | D:1      | Reached skill level 3 in Axes
    44 | D:1      | Reached XP level 2. HP: 20/25 MP: 2/2
   207 | D:1      | Reached XP level 3. HP: 26/30 MP: 3/3
   359 | D:1      | Found a faded altar of an unknown god.
   881 | D:2      | Reached XP level 4. HP: 35/37 MP: 4/4
  1462 | D:2      | Found a runed translucent door.
  1463 | D:2      | Noticed Crazy Yiuf
  1472 | D:2      | Killed Crazy Yiuf
  1473 | D:2      | Reached skill level 4 in Axes
  1547 | D:2      | Reached XP level 5. HP: 32/42 MP: 5/5
  1652 | D:3      | Found a sacrificial altar of Ru.
  1998 | D:3      | Found an iron altar of Okawaru.
  2039 | D:3      | Found a transporter.
  2082 | D:3      | Found a transporter.
  2146 | D:3      | Noticed Strat's ghost (amateur TeHu)
  2160 | D:3      | Killed Strat's ghost
  2161 | D:3      | Reached XP level 6. HP: 12/51 MP: 6/6
  2164 | D:3      | Slain by a gnoll

Illustrated notes

Levels and vault maps discovered:
D:1:      minmay_arrival_hallway, layout_loops_ring,
          shapermc_ecumenical_altar_mp_ritualfount, minmay_cupped
D:2:      layout_loops_ring, hangedman_decor_push, minmay_misc_feat_nine_boxes,
          uniq_crazy_yiuf_cottage
D:3:      layout_rooms, amethyst_overflow_temple_binary,
          nicolae_ru_the_path_less_chosen, okawaru_altar_gauntlet_db,
          gammafunk_ghost_gnarly_gnolls

Skill      XL: |  1  2  3  4  5 |
---------------+----------------+-----
Axes           | 3 4 |  4.9
Dodging        | 3 |  3.3
Fighting       | 3 |  3.1
Armour         | 2 |  2.1
Throwing       | |  1.9
Stealth        | |  0.2

Action                     |  1- 3 |  4- 6 || total
---------------------------+-------+-------++-------
  Melee: War axe           |    99 |   122 ||   221
         Punch             |       |     2 ||     2
  Throw: Throwing net      |       |     2 ||     2
   Stab: Held in net/web   |       |     1 ||     1
 Armour: Leather armour    |    68 |       ||    68
         Chain mail        |    13 |   117 ||   130
  Dodge: Dodged            |   109 |    58 ||   167
